 Dungeon Crawl Stone Soup version 0.18.1-48-g4cf74bf (webtiles) character file.

79 kosy22 the Ruffian (level 4, -3/44 HPs)
             Began as a Troll Monk on Aug 20, 2016.
             Slain by a gnoll
             ... wielding a +0 spear
              (8 damage)
             ... on level 2 of the Dungeon.
             The game lasted 00:03:17 (1108 turns).

kosy22 the Ruffian (Troll Monk)                     Turns: 1108, Time: 00:03:18

Health: -3/44      AC:  5    Str: 20    XL:     4   Next: 17%
Magic:  3/3        EV: 11    Int:  6    God:
Gold:   76         SH:  0    Dex: 12    Spells: 0 memorised, 3 levels left

rFire  . . .     SeeInvis .       - Unarmed
rCold  . . .     Gourm    +     a - +0 robe
rNeg   . . .     Faith    .     (no shield)
rPois  .         Spirit   .     (helmet restricted)
rElec  .         Dismiss  .     (no cloak)
rCorr  .         Reflect  .     (gloves unavailable)
SustAt .         Harm     .     (boots unavailable)
MR     .....                    (no amulet)
Stlth  +.........               (no ring)
                                (no ring)

@: not resistant to hostile enchantments, very unstealthy
A: unfitting armour, claws 3, fast metabolism 3, gourmand, regeneration 2,
shaggy fur 1, tough skin 2
a: no special abilities


You were on level 2 of the Dungeon.
You were full.

You visited 1 branch of the dungeon, and saw 2 of its levels.

You collected 76 gold pieces.

Inventory:

Armour
 a - a +0 robe (worn)
Scrolls
 c - 8 scrolls of identify {unknown}
 h - a scroll of remove curse {unknown}
 i - a scroll of blinking {unknown}
 l - a scroll of amnesia {unknown}
 m - a scroll of fog {unknown}
Potions
 k - a potion of ambrosia
Comestibles
 b - 2 bread rations
 d - a slice of pizza
 f - a fruit
 g - 2 meat rations
 j - a royal jelly


   Skills:
 + Level 2.7 Fighting
 + Level 3.2 Dodging
 + Level 1.3 Stealth
 + Level 4.6 Unarmed Combat


You had 3 spell levels left.
You didn't know any spells.

Dungeon Overview and Level Annotations

Branches:
Dungeon (2/15)

Altars:


Innate Abilities, Weirdness & Mutations

You are too large for most types of armour.
You have claws for hands.
Your metabolism is lightning-fast.
You like to eat raw meat.
You heal very quickly.
You are covered in fur (AC +1).
You have very tough skin (AC +2).


Message History

The gnoll hits you but does no damage. The gnoll hits you but does no damage.
The gnoll hits you but does no damage. The gnoll hits you but does no damage.
The gnoll hits you but does no damage. The gnoll hits you but does no damage.
The gnoll completely misses you.
You feel less woody.
Your +0 robe unmelds from your body.
The gnoll barely misses you.
The gnoll hits you from afar with a spear.
The gnoll completely misses you.
The gnoll hits you from afar with a spear.
* * * LOW HITPOINT WARNING * * *
The gnoll hits you from afar with a spear.
* * * LOW HITPOINT WARNING * * *
The gnoll hits you from afar with a spear.
* * * LOW HITPOINT WARNING * * *
The gnoll barely misses you.
The gnoll hits you from afar with a spear!
You die...

#<.(......g...#
###.....##....#
#.....##..gr#
###.....##.##?#
....r.....>##g#
##.g.......##.#
.....#.#.#.##.####
.....#.....##.g()#
..........######@#
....#.###.#♣##...#
..†##+###....#####
..#.......#♣..##
..#.......##...#
..#........##..♣#
..####'###.##.<.#
..# ##'###.##..♣#
### #.....##...#


You could see a gnoll.

Vanquished Creatures
  3 gnolls (D:2)
  2 adders (D:2)
  A worm (D:2)
  A ball python (D:2)
  2 bats (D:1)
  A giant cockroach (D:2)
  6 goblins
  3 hobgoblins
  5 kobolds
  A quokka (D:2)
  A giant newt (D:2)
  3 rats
29 creatures vanquished.

Notes
Turn   | Place    | Note
--------------------------------------------------------------
     0 | D:1      | kosy22 the Troll Monk began the quest for the Orb.
     0 | D:1      | Reached XP level 1. HP: 22/22 MP: 0/0
   360 | D:1      | Reached XP level 2. HP: 29/29 MP: 1/1
  1003 | D:2      | Reached XP level 3. HP: 31/36 MP: 2/2
  1075 | D:2      | HP: 1/36 [gnoll/spear (6)]
  1078 | D:2      | Reached XP level 4. HP: 17/44 MP: 3/3
  1108 | D:2      | Slain by a gnoll

Skill      XL: |  1  2  3 |
---------------+----------+-----
Dodging        | 3 |  3.2
Fighting       | |  2.7
Stealth        | |  1.3
Unarmed Combat | |  4.6

Action                   |  1- 3 |  4- 6 || total
-------------------------+-------+-------++-------
Melee: Unarmed           |    67 |     5 ||    72
       Punch             |     1 |       ||     1
  Use: Potion            |     2 |       ||     2
  Eat: Chunk             |     8 |       ||     8
       Bread ration      |     1 |       ||     1
Armor: Robe              |    30 |       ||    30
       Skin              |     3 |    22 ||    25
Dodge: Dodged            |    45 |     4 ||    49
